 Dungeon Crawl Stone Soup version 0.29.1-12-g30fa7ad0bf (webtiles) character file.

Game seed: 8844866894427893247

93 xian the Firebug (level 4, -3/32 HPs)
             Began as a Demonspawn Fire Elementalist on Jan 10, 2023.
             Slain by an orc
             ... wielding a +0 war axe
              (6 damage)
             ... on level 3 of the Dungeon.
             The game lasted 00:06:30 (2836 turns).

xian the Firebug (Demonspawn Fire Elementalist)     Turns: 2836, Time: 00:06:31

Health: -3/32      AC:  8    Str:  6    XL:     4   Next: 37%
Magic:  10/17      EV: 10    Int: 18    God:
Gold:   206        SH:  0    Dex: 19    Spells: 5/8 levels left

rFire   . . .      SeeInvis .   j - +5 great mace of Kontentef {speed, rC++ Int+2}
rCold   + + .      Faith    .   (shield currently unavailable)
rNeg    + . .      Spirit   .   o - +1 ring mail of Least Resistance {rPois rCorr MP+9 Str-5}
rPois   +          Reflect  .   (helmet restricted)
rElec   .          Harm     .   (no cloak)
rCorr   +          Rampage  .   a - +1 pair of gloves
Will    .....                   (no boots)
Stlth   ++........              (no amulet)
HPRegen 0.10/turn               c - +6 ring of dexterity
MPRegen 0.15/turn               n - ring of positive energy

@: very slightly contaminated
A: antennae 2, ignite blood 1
a: no special abilities


You were on level 3 of the Dungeon.
You visited 1 branch of the dungeon, and saw 4 of its levels.

You collected 206 gold pieces.

Inventory:

Hand Weapons
 j - the +5 great mace of Kontentef (weapon) {speed, rC++ Int+2}
   (You found it on level 2 of the Dungeon)

   Attacks with this weapon are significantly faster.
   Int:       It affects your intelligence (+2).
   rC:        It greatly protects you from cold.
Armour
 a - a +1 pair of gloves (worn)
 e - a +0 scale mail
 f - a +0 leather armour
 o - the +1 ring mail of Least Resistance (worn) {rPois rCorr MP+9 Str-5}
   (You found it on level 3 of the Dungeon)

   Str:       It affects your strength (-5).
   rPois:     It protects you from poison.
   MP:        It affects your magic capacity (+9).
   rCorr:     It protects you from acid and corrosion.
Jewellery
 c - a +6 ring of dexterity (left hand)
 i - a ring of resist corrosion
 n - a ring of positive energy (right hand)
Wands
 m - a wand of flame (21)
Scrolls
 d - 2 scrolls of vulnerability {unknown}
 g - 2 scrolls of identify {unknown}
 h - a scroll of teleportation {unknown}
 l - a scroll of poison {unknown}
 r - a scroll of amnesia {unknown}
 s - a scroll of enchant armour {unknown}
 t - a scroll of blinking {unknown}
Potions
 b - a potion of magic
 k - 3 potions of heal wounds {unknown}
 p - a potion of invisibility {unknown}
 q - a potion of haste {unknown}


   Skills:
 * Level 1.2 Fighting
 + Level 0.6 Maces & Flails
 * Level 0.5 Armour
 + Level 2.0 Dodging
 + Level 2.0 Stealth
 + Level 0.1 Unarmed Combat
 + Level 2.7 Spellcasting
 + Level 1.7 Conjurations
 + Level 3.2 Fire Magic


You had 5 spell levels left.
You knew the following spells:

 Your Spells              Type           Power      Damage    Failure   Level
a - Foxfire               Conj/Fire      44%        2x1d6     24%         1
b - Scorch                Fire           28%        2d6       26%         2

Your spell library contained the following spells:

 Spells                   Type           Power      Damage    Failure   Level
 Conjure Flame            Conj/Fire      11%        6-21      56%         3
 Inner Flame              Hex/Fire       8%         N/A       71%         3
 Flame Wave               Conj/Fire      11%        2d6       93%         4


Dungeon Overview and Level Annotations

Branches:
Dungeon (4/15)
 Temple: D:4-7

Altars:
Gozag
Sif Muna


Innate Abilities, Weirdness & Mutations

You have a pair of antennae on your head.
Your demonic aura sometimes causes spilled blood to erupt in flames.


Message History

You barely resist. The orc priest completely misses you.
You miscast Foxfire.
Nothing appears to happen.
The orc hits you with a +0 club. The orc misses you.
The orc priest barely misses you.
You conjure some foxfire!
The foxfire hits the orc.
The orc is almost dead.
The orc closely misses you. The orc hits you but does no damage.
The orc priest barely misses you.
The orc priest barely misses your foxfire.
Unknown command.
There is not enough space to conjure foxfire!
There is not enough space to conjure foxfire!
Unknown command.
Unknown command.
Unknown command.
The foxfire hits the orc.
You kill the orc!
The orc priest hits you with a +0 hand axe.
The orc hits you with a +0 war axe! The orc barely misses you.
The orc priest hits you but does no damage.
Unknown command.
The orc attacks as you move away! The orc barely misses you.
The orc priest invokes the aid of Beogh against you.
Pain shoots through your body!
The orc priest hits you but does no damage.
The orc throws a boomerang.
The boomerang hits you.
* * * LOW HITPOINT WARNING * * *
The orc priest looks encouraged for a moment.
There is a stone staircase leading up, spattered with blood here.
The orc priest begins to cast a cantrip, but forgets the words!
The orc completely misses you. The orc hits you with a +0 war axe.
* * * LOW HITPOINT WARNING * * *
You climb upwards.
There is a stone staircase leading down here.
You closely miss the orc priest.
The orc priest is heavily wounded.
The orc hits you with a +0 mace.
* * * LOW HITPOINT WARNING * * *
The orc hits you with a +0 war axe.
You die...

#......♣♣♣♣♣.......# ###
#..................# #..
###...####.........#####..
##......#...............
#.##.#..........#......
#.##..#....)....##.....
#..##.#.........###....
##.##.#.........###....
#...o@o.........##....
#######...o...........#....
#..........................
#.###...##<#....####.......
#.##.....#......###...##.##
#...............#...#.#...#
###...............###.#...#
#................####8_8#
#......##...........#####


You could see an orc priest and 2 orcs.

Vanquished Creatures
  4 adders
  A worm (D:2)
  2 dart slugs
  2 orcs
  8 bats
  5 endoplasms
  A giant cockroach (D:2)
  2 goblins (D:1)
  5 hobgoblins
  A kobold (D:2)
  7 ball pythons
  A frilled lizard (D:3)
  7 rats
46 creatures vanquished.

Vanquished Creatures (collateral kills)
  2 foxfires (D:3)
2 creatures vanquished.

Vanquished Creatures (others)
  142 foxfires
142 creatures vanquished.

Grand Total: 190 creatures vanquished

Notes
Turn   | Place    | Note
-------+----------+-------------------------------------------
     0 | D:1      | xian the Demonspawn Fire Elementalist began the quest for
                  | the Orb.
     0 | D:1      | Reached XP level 1. HP: 13/13 MP: 3/3
   657 | D:1      | Discovered your monstrous ancestry.
   657 | D:1      | Gained mutation: You have a pair of small antennae on your
                  | head. [demonic ancestry]
   657 | D:1      | Reached XP level 2. HP: 17/19 MP: 5/5
   822 | D:2      | Identified the +5 great mace of Kontentef {speed, rC++
                  | Int+2}
  1041 | D:2      | Learned a level 2 spell: Scorch
  1109 | D:2      | Reached skill level 3 in Fire Magic
  1149 | D:2      | Found a faded altar of an unknown god.
  1295 | D:2      | Gained mutation: You have a pair of antennae on your head.
                  | [demonic ancestry]
  1295 | D:2      | Reached XP level 3. HP: 21/24 MP: 4/6
  1944 | D:3      | Identified the +1 ring mail of Least Resistance {rPois
                  | rCorr MP+9 Str-5}
  2090 | D:3      | Found an opulent altar of Gozag.
  2135 | D:3      | Reached skill level 1 in Fighting
  2265 | D:3      | Gained mutation: Your demonic aura sometimes causes spilled
                  | blood to erupt in flames. [demonic ancestry]
  2265 | D:3      | Reached XP level 4. HP: 32/32 MP: 8/8
  2700 | D:3      | Found a shimmering blue altar of Sif Muna.
  2836 | D:3      | Slain by an orc

Illustrated notes

Levels and vault maps discovered:
D:1:      dpeg_arrival_concentric_ovals, layout_loops_ring
D:2:      minmay_alternating_diamond, layout_basic,
          ebering_ecumenical_altar_petrified
D:3:      layout_rooms, mainiacjoe_overflow_tiny_flanked,
          grunt_gozag_breadcrumbs, serial_bayou_ford_a,
          minmay_fractal_squares_diagonal_5
D:4:      cheibrodos_pilgrimage, layout_loops_cross

Skill      XL: |  1  2  3 |
---------------+----------+-----
Fire Magic     | 3 |  3.2
Stealth        | 2 |  2.0
Fighting       | 1 |  1.2
Dodging        | 2 |  2.0
Maces & Flails | |  0.6
Armour         | |  0.5
Unarmed Combat | |  0.1
Spellcasting   | |  2.7
Conjurations   | |  1.7

Action                   |  1- 3 |  4- 6 || total
-------------------------+-------+-------++-------
Melee: Unarmed           |    18 |       ||    18
       Great mace        |    22 |     1 ||    23
 Cast: Foxfire           |    61 |    22 ||    83
 Stab: Sleeping          |     4 |       ||     4
Armor: Leather armour    |    27 |       ||    27
       Ring mail         |     3 |     8 ||    11
Dodge: Dodged            |    44 |    11 ||    55
